 Dungeon Crawl Stone Soup version 0.31.0-11-ge490571c62 (webtiles) character file.

Game seed: 8494046363057373774

9 protoss039 the Sneak (level 2, -1/15 HPs)
             Began as a Vampire Enchanter on Jan 30, 2024.
             Slain by a quokka (2 damage)
             ... on level 1 of the Dungeon.
             The game lasted 00:01:28 (202 turns).

protoss039 the Sneak (Vampire Enchanter)             Turns: 202, Time: 00:01:29

Health: -1/15      AC:  2    Str:  7    XL:     2   Next: 6%
Magic:  1/5        EV: 12    Int: 17    God:
Gold:   15         SH:  0    Dex: 14    Spells: 3/5 levels left

rFire   . . .        a - +1 dagger
rCold   + + .        (no shield)
rNeg    + + +        b - +0 robe
rPois   ∞            (no helmet)
rElec   .            (no cloak)
rCorr   .            (no gloves)
SInv    +            (no boots)
Will    .....        (no amulet)
Stlth   +++++        (no ring)
HPRegen 0.00/turn    (no ring)
MPRegen 0.09/turn

%: no passive effects
@: bloodless, inhibited regen
A: bloodless, fangs 3, see invisible, vampiric 1
a: Revivify


You were on level 1 of the Dungeon.
You visited 1 branch of the dungeon, and saw 1 of its levels.

You collected 15 gold pieces.

Inventory:

Hand Weapons
 a - a +1 dagger (weapon)
Armour
 b - a +0 robe (worn)
 d - a +0 leather armour
Jewellery
 e - an amulet of the acrobat
Potions
 c - 2 potions of invisibility


   Skills:
 * Level 0.1 Fighting
 + Level 1.4 Short Blades
 + Level 2.4 Dodging
 + Level 4.6 Stealth
 - Level 2.1 Spellcasting
 - Level 4.5 Hexes


You had 3 spell levels left.
You knew the following spells:

 Your Spells              Type           Power      Damage    Failure   Level
a - Ensorcelled Hibernat  Hex/Ice        18%        N/A       12%         2

Your spell library contained the following spells:

 Spells                   Type           Power      Damage    Failure   Level
 Confusing Touch          Hex            17%        N/A       9%          3
 Tukima's Dance           Hex            17%        N/A       9%          3
 Dazzling Flash           Conj/Hex       18%        N/A       22%         3


Dungeon Overview and Level Annotations

Branches:
Dungeon (1/15) Zot: 5798

Altars:


Innate Abilities, Weirdness & Mutations

You do not regenerate when monsters are visible.
You are frail without blood (-20% HP).
You can heal yourself when you bite living creatures.
You are immune to poison.
You have razor-sharp teeth.
You have supernaturally acute eyesight. (SInv)
You are afflicted with vampirism.


Message History

You hit the hobgoblin but do no damage. The hobgoblin hits you.
You hit the hobgoblin but do no damage. The hobgoblin barely misses you.
Casting: Ensorcelled Hibernation (safe; 12% risk of failure)
Confirm with . or Enter, or press ? or * to list all spells.
Aiming: Ensorcelled Hibernation (safe; 12% risk of failure)
Press: ? - help, Shift-Dir - straight line, f - hobgoblin
Aim: a hobgoblin (chance to affect: 61%)
Okay, then.
You hit the hobgoblin.
The hobgoblin is lightly wounded.
The hobgoblin misses you.
Casting: Ensorcelled Hibernation (safe; 12% risk of failure)
Confirm with . or Enter, or press ? or * to list all spells.
Aiming: Ensorcelled Hibernation (safe; 12% risk of failure)
Press: ? - help, Shift-Dir - straight line, f - quokka
Aim: a quokka (chance to affect: 61%)
The quokka resists with significant effort.
The quokka barely misses you. The hobgoblin hits you.
The quokka closely misses you.
Unknown command.
Casting: Ensorcelled Hibernation (safe; 12% risk of failure)
Confirm with . or Enter, or press ? or * to list all spells.
Aiming: Ensorcelled Hibernation (safe; 12% risk of failure)
Press: ? - help, Shift-Dir - straight line, f/p - quokka
Aim: a quokka (chance to affect: 61%)
The quokka resists with significant effort.
The hobgoblin closely misses you. The quokka bites you.
* * * LOW HITPOINT WARNING * * *
Unknown command.
Unknown command.
The quokka attacks as it pursues you!
The quokka bites you but does no damage.
You see here 7 gold pieces.
Okay, then.
The quokka bites you but does no damage.
You aren't carrying any scrolls.
The quokka bites you.
* * * LOW HITPOINT WARNING * * *
The quokka bites you.
You die...

.# #...........#######
.#############............#
.).............#.#..#####.#
####.###########.#..#
####.....###...#..#####.#.
###.....##...##......(......
.......###....##.###.####..#
##....## ###...#..##.#### #
#......#####.<.#@g......# .#
..##.....##....#.r....#.#..#
.####.........##.##...#†#..#
## ##........######$......##
####.....# #........>#
###..## #......)..# ####
#........... .............##
####.........#


You could see a quokka and a hobgoblin.

Vanquished Creatures
  2 ball pythons (D:1)
  2 goblins (D:1)
  A hobgoblin (D:1)
  2 jackals (D:1)
  A rat (D:1)
8 creatures vanquished.

Notes
Turn   | Place    | Note
-------+----------+-------------------------------------------
     0 | D:1      | protoss039 the Vampire Enchanter began the quest for the
                  | Orb.
     0 | D:1      | Reached XP level 1. HP: 13/13 MP: 3/3
   169 | D:1      | Reached XP level 2. HP: 15/15 MP: 5/5
   172 | D:1      | Learned a level 2 spell: Ensorcelled Hibernation
   202 | D:1      | Slain by a quokka

Illustrated notes

Levels and vault maps discovered:
D:1:      dpeg_arrival_round_c, layout_loops_ring,
          hellmonk_ecumenical_altar_run_dry

Action                     || total
---------------------------++-------
  Melee: Dagger            ||    23
   Cast: Ensorcelled Hiber ||     2
Ability: Exsanguinate      ||     1
   Stab: Sleeping          ||     4
 Armour: Robe              ||    16
  Dodge: Dodged            ||    14
